 Dungeon Crawl Stone Soup version 0.29.1-15-g9cfb28693d (webtiles) character file.

Game seed: 4495202436600811773

3329 BuddhaDhamma the Severer (level 9, -4/70 HPs)
             Began as a Minotaur Berserker on Mar 3, 2023.
             Was an Elder of Trog.
             Slain by Pikel
             ... wielding a +2 whip of flaming
              (10 damage)
             ... on level 8 of the Dungeon.
             The game lasted 00:15:31 (7986 turns).

BuddhaDhamma the Severer (Minotaur Berserker)       Turns: 7986, Time: 00:15:32

Health: -4/70      AC: 15    Str: 25    XL:     9   Next: 71%
Magic:  8/8        EV:  7    Int:  4    God:    Trog [****..]
Gold:   351        SH:  0    Dex: 17    Spells: 8/8 levels left

rFire   + . .      SeeInvis .   s - +1 battleaxe
rCold   . . .      Faith    .   (shield currently unavailable)
rNeg    . . .      Spirit   .   g - +1 plate armour {rF+}
rPois   .          Reflect  .   (helmet restricted)
rElec   .          Harm     .   E - +2 cloak {Will+}
rCorr   .          Rampage  .   (no gloves)
Will    +....                   (no boots)
Stlth   ..........              (no amulet)
HPRegen 0.21/turn               h - +6 ring of dexterity
MPRegen 0.11/turn               (no ring)

@: on berserk cooldown, slowed, very slow
A: horns 2, retaliatory headbutt
a: Renounce Religion, Berserk, Trog's Hand, Brothers in Arms


You were on level 8 of the Dungeon.
You worshipped Trog.
Trog was greatly pleased with you.
You visited 1 branch of the dungeon, and saw 8 of its levels.

You collected 351 gold pieces.

Inventory:

Hand Weapons
 s - a +1 battleaxe (weapon)
Missiles
 r - 14 poisoned darts (quivered)
Armour
 g - a +1 plate armour of fire resistance (worn)
 E - a +2 cloak of willpower (worn)
Jewellery
 e - a ring of protection from cold
 h - a +6 ring of dexterity (left hand)
 o - a +6 ring of intelligence
 v - a ring of willpower
 w - an amulet of guardian spirit
Wands
 t - a wand of paralysis (9)
 D - a wand of quicksilver (10)
Scrolls
 d - 2 scrolls of butterflies
 f - 5 scrolls of magic mapping
 i - 2 scrolls of enchant weapon
 j - a scroll of identify
 l - 5 scrolls of teleportation
Potions
 b - 3 potions of magic
 c - 2 potions of ambrosia
 k - a potion of haste
 m - 4 potions of curing
 u - a potion of invisibility {unknown}
 x - a potion of flight {unknown}
 C - a potion of degeneration {unknown}


   Skills:
 - Level 3.6 Fighting
 + Level 16.4 Axes
 - Level 2.4 Armour
 - Level 2.1 Dodging


You had 8 spell levels left.
You didn't know any spells.
Your spell library was empty.

Dungeon Overview and Level Annotations

Branches:
Dungeon (8/15)             Temple (0/1) D:5
   Lair: D:8-11

Altars:
Ashenzari
Dithmenos
Elyvilon
Fedhas
Kikubaaqudgha
Qazlal
Trog
Uskayaw
Wu Jian
The Shining One

Annotations:
D:8 Pikel


Innate Abilities, Weirdness & Mutations

You have a pair of horns on your head.
You reflexively headbutt those who attack you in melee.


Message History

* * * LOW HITPOINT WARNING * * *
You slash the lemure!
You kill the lemure!
That felt strangely unrewarding.
A lemure comes into view.
Pikel zaps a wand.
The mass of ice explodes!
The iceblast engulfs you!
* * * LOW HITPOINT WARNING * * *
The lemure shouts!
You feel much better.
Pikel hits you with a +2 whip of flaming.
You completely miss Pikel. Your headbutt misses Pikel.
Pikel hits you with a +2 whip of flaming.
Pikel barely misses you. You furiously retaliate!
You headbutt Pikel, but do no damage. You barely miss Pikel.
You barely miss the lemure. Pikel hits you but does no damage.
The lemure hits you but does no damage. Pikel hits you but does no damage.
You hit Pikel but do no damage. Your headbutt misses Pikel. You hit the lemure.
Pikel hits you but does no damage.
A necrophage comes into view.
Pikel hits you with a +2 whip of flaming.
* * * LOW HITPOINT WARNING * * *
Pikel burns you.
* * * LOW HITPOINT WARNING * * *
The lemure hits you but does no damage.
You closely miss Pikel. You hit the lemure but do no damage.
You slash the lemure!
Pikel hits you with a +2 whip of flaming!
* * * LOW HITPOINT WARNING * * *
Pikel burns you.
* * * LOW HITPOINT WARNING * * *
The lemure hits you.
* * * LOW HITPOINT WARNING * * *
The lemure closely misses you. Pikel hits you but does no damage.
You barely miss Pikel. You slash the lemure! You closely miss the lemure.
Pikel hits you but does no damage.
The lemure hits you but does no damage. x2
You're still recovering from your berserk rage.
You fail to use your ability.
Pikel hits you with a +2 whip of flaming!
You die...

###.....##.# #.# #
##....##.# #.# #
#...#.##.# #.# #
##.....#.# #.#
##..###.# #.# #
##.....# #)#.#
#....#######)#.#
##..........).>###
##......#.5@#......
##.###.#.5K#.#####
### #.#.....#
#.#...#.# #.n...#.#
#..#.## # #.....
......# g...####


You could see Pikel (fast), 2 lemures and a necrophage.

Vanquished Creatures
  Prince Ribbit (D:5)
  Sigmund (D:3)
  A shadow (D:5)
  The ghost of Midpoint the Sneak, an amateur VSFi (D:5)
  A steam dragon (D:6)
  A water moccasin (D:6)
  2 sky beasts (D:6)
  A black bear (D:5)
  An orc warrior (D:6)
  2 centaurs (D:7)
  2 lemures (D:8)
  3 scorpions
  2 bullfrogs (D:6)
  5 wights
  5 killer bees (D:8)
  A howler monkey (D:7)
  3 hounds
  5 jellies
  6 orc priests
  Crazy Yiuf (D:5)
  4 iguanas
  7 orc wizards
  14 adders
  3 gnolls (D:8)
  3 shadow imps
  4 white imps
  3 ufetubi
  7 worms
  3 dart slugs
  28 orcs
  6 ball pythons
  4 giant cockroaches
  6 goblins
  8 hobgoblins
  4 jackals (D:1)
  3 quokkas
  3 bats
  3 frilled lizards
  8 kobolds
  4 rats
170 creatures vanquished.

Notes
Turn   | Place    | Note
-------+----------+-------------------------------------------
     0 | D:1      | BuddhaDhamma the Minotaur Berserker began the quest for the
                  | Orb.
     0 | D:1      | Reached XP level 1. HP: 19/19 MP: 0/0
   189 | D:1      | Reached skill level 4 in Axes
   465 | D:1      | Reached XP level 2. HP: 17/26 MP: 1/1
   684 | D:1      | Found a faded altar of an unknown god.
  1246 | D:2      | Reached skill level 5 in Axes
  1296 | D:2      | Reached XP level 3. HP: 31/31 MP: 2/2
  1596 | D:3      | Noticed Sigmund
  1605 | D:3      | Killed Sigmund
  1605 | D:3      | Reached ** piety under Trog
  1606 | D:3      | Reached skill level 7 in Axes
  1606 | D:3      | Reached XP level 4. HP: 29/39 MP: 3/3
  1606 | D:3      | Reached XP level 5. HP: 33/45 MP: 4/4
  1781 | D:3      | Found a broken altar of Ashenzari.
  1781 | D:3      | Found a shadowy altar of Dithmenos.
  1782 | D:3      | Found a hide-covered altar of Uskayaw.
  2467 | D:3      | Reached skill level 8 in Axes
  2603 | D:4      | Reached XP level 6. HP: 51/51 MP: 5/5
  3015 | D:4      | Reached skill level 9 in Axes
  3345 | D:5      | Entered Level 5 of the Dungeon
  3383 | D:5      | Reached *** piety under Trog
  3396 | D:5      | Found a staircase to the Ecumenical Temple.
  3424 | D:5      | Reached XP level 7. HP: 57/57 MP: 6/6
  3443 | D:5      | Found a runed translucent door.
  3444 | D:5      | Noticed Midpoint's ghost (amateur VSFi)
  3560 | D:5      | Found an ancient bone altar of Kikubaaqudgha.
  3655 | D:5      | Reached skill level 10 in Axes
  3902 | D:5      | Noticed a shadow
  3913 | D:5      | Killed a shadow
  3914 | D:5      | Reached skill level 11 in Axes
  3963 | D:5      | You fall into a shaft and drop 1 floor!
  3970 | D:6      | Found a stormy altar of Qazlal.
  3971 | D:6      | Found a blossoming altar of Fedhas.
  4067 | D:6      | Reached XP level 8. HP: 42/64 MP: 7/7
  4328 | D:6      | Reached skill level 12 in Axes
  4334 | D:6      | Found a glowing golden altar of the Shining One.
  4669 | D:5      | Found a runed translucent door.
  4670 | D:5      | Noticed Crazy Yiuf
  4682 | D:5      | Noticed Prince Ribbit
  4693 | D:5      | Killed Prince Ribbit
  4710 | D:5      | Killed Crazy Yiuf
  4850 | D:5      | Killed Midpoint's ghost
  4851 | D:5      | Reached skill level 13 in Axes
  5112 | D:6      | Found a white marble altar of Elyvilon.
  5509 | D:6      | Reached skill level 14 in Axes
  5586 | D:6      | Reached XP level 9. HP: 49/70 MP: 8/8
  6048 | D:6      | Found an ornate altar of the Wu Jian Council.
  6239 | D:7      | Reached skill level 15 in Axes
  6377 | D:7      | Reached **** piety under Trog
  7051 | D:7      | Reached skill level 16 in Axes
  7076 | D:7      | Found a bloodstained altar of Trog.
  7976 | D:8      | Noticed Pikel
  7979 | D:8      | HP: 3/70 [Pikel/iceblast (11)]
  7986 | D:8      | Slain by Pikel

Illustrated notes

Levels and vault maps discovered:
D:1:      shiori_arrival_elements, layout_loops_cross,
          ebering_ecumenical_altar_petrified
D:2:      layout_rooms
D:3:      minmay_razor_zed, layout_basic,
          chequers_temple_overflow_statue_of_worship, nicolae_wormholes,
          uniq_sigmund
D:4:      layout_loops_ring
D:5:      cheibrodos_quashed, layout_gridville, lemuel_doored_altar,
          minmay_temple_entry_junction, ebering_ghost_sewer_d, st_stairs_12,
          saegor_snake_ambush, uniq_crazy_yiuf_cottage, uniq_prince_ribbit1
D:6:      minmay_bubble_buster, layout_basic,
          grunt_temple_overflow_forces_of_nature,
          nicolae_wu_jian_immortal_techniques, lemuel_crystal_altar,
          old_standard_altar, serial_curves, eino_curves_01, eino_curves_03
D:7:      layout_gridville, trog_hazing_becter, hangedman_decor_points
D:8:      layout_basic, mainiacjoe_overflow_alcove_1, old_standard_altar,
          nicolae_figureground_pulse, uniq_pikel

Skill      XL: |  1  2  3  4  5  6  7  8  9 |
---------------+----------------------------+-----
Axes           | 4 5 7 8 9 11 14 16 | 16.4
Fighting       | |  3.6
Armour         | |  2.4
Dodging        | |  2.1

Action                   |  1- 3 |  4- 6 |  7- 9 || total
-------------------------+-------+-------+-------++-------
Melee: Hand axe          |    73 |   115 |   133 ||   321
       Headbutt          |    12 |    28 |    44 ||    84
       Punch             |     1 |     2 |       ||     3
       War axe           |       |       |    55 ||    55
       Battleaxe         |       |       |    66 ||    66
Throw: Dart              |       |       |     5 ||     5
Invok: Berserk           |       |       |     4 ||     4
  Use: Potion            |       |       |     2 ||     2
       Scroll            |       |       |    22 ||    22
Armor: Animal skin       |     6 |       |       ||     6
       Plate armour      |    34 |    46 |   158 ||   238
Dodge: Dodged            |    47 |    26 |    86 ||   159
